 Dungeon Crawl Stone Soup version 0.23.1 (webtiles) character file.

Game seed: 10896021874625411642

18865 Borgoz the Unseen (level 13, -2/108 (109) HPs)
             Began as a Kobold Enchanter on Mar 9, 2019.
             Was a Believer of Ashenzari.
             Killed from afar by a rime drake (13 damage)
             ... with a flash freeze
             ... on level 1 of the Lair of Beasts.
             The game lasted 00:47:24 (17379 turns).

Borgoz the Unseen (Kobold Enchanter)               Turns: 17379, Time: 00:47:25

HP:   -2/108 (109)  AC: 10    Str: 13    XL:     13   Next: 0%
MP:   25/25         EV: 22    Int: 18    God:    Ashenzari [**....]
Gold: 798           SH:  0    Dex: 21    Spells: 12/29 levels left

rFire    + . .     SeeInvis +   a - +1 dagger (drain)
rCold    + . .     Gourm    .   (shield restricted)
rNeg     . . .     Faith    .   J - +1 ring mail {MR+}
rPois    .         Spirit   .   H - +1 helmet
rElec    .         Reflect  .   w - scarf {rC+ rF+}
rCorr    .         Harm     .   (no gloves)
MR       +....                  i - +0 pair of boots
Stlth    ..........             k - amulet of rage
HPRegen  0.28/turn              n - ring of see invisible
MPRegen  0.19/turn              E - ring of stealth

@: agile, berserking, heavily drained, very quick
A: small, carnivore
a: Curse Item, Scrying, Renounce Religion, Evoke Berserk Rage


You were on level 1 of the Lair of Beasts.
You worshipped Ashenzari.
Ashenzari was pleased with you.
You were completely stuffed.

You visited 3 branches of the dungeon, and saw 15 of its levels.

You collected 798 gold pieces.

Inventory:

Hand Weapons
 a - a +1 dagger of draining (weapon)
 b - a +7 blowgun
Missiles
 u - 2 tomahawks (quivered)
 A - 38 poisoned needles
Armour
 i - a +0 pair of boots (worn)
 w - a scarf of resistance (worn)
 H - a +1 helmet (worn)
 J - a +1 ring mail of magic resistance (worn)
Jewellery
 k - an amulet of rage (around neck)
 l - an uncursed ring of flight
 n - a ring of see invisible (left hand)
 E - a ring of stealth (right hand)
 I - an uncursed amulet of regeneration
 T - a +3 ring of intelligence
Wands
 q - a wand of disintegration (16)
 s - a wand of iceblast (5)
 v - a wand of acid (5)
 x - a wand of flame (19)
Scrolls
 f - 3 scrolls of teleportation
 g - 5 scrolls of enchant weapon
 j - 3 scrolls of enchant armour
 o - 4 scrolls of magic mapping
 r - 2 scrolls of remove curse
 t - 2 scrolls of amnesia
 y - a scroll of silence {unknown}
 C - 4 scrolls of blinking
 K - 2 scrolls of fog
 O - 3 scrolls of random uselessness {unknown}
 X - a scroll of vulnerability {unknown}
 Z - a scroll of summoning {unknown}
Potions
 e - 2 potions of curing
 m - 5 potions of lignification
 D - 2 potions of mutation
 G - 2 potions of resistance
 N - 2 potions of brilliance
 P - a potion of cancellation
Comestibles
 d - 27 rations
 V - a chunk of flesh


   Skills:
 + Level 5.5(4.2) Fighting
 + Level 9.2(7.8) Short Blades
 + Level 4.5(3.2) Armour
 + Level 7.2(5.8) Dodging
 + Level 16.9(15.2) Stealth
 + Level 8.6(7.1) Spellcasting
 + Level 8.3(6.9) Hexes
 - Level 0.3(0.0) Ice Magic


You had 12 spell levels left.
You knew the following spells:

 Your Spells              Type           Power        Failure   Level  Hunger
a - Corona                Hex            ####...      1%          1    None
b - Ensorcelled Hibernat  Hex/Ice        ###...       8%          2    None
c - Confuse               Hex            ####....     3%          3    ##.....
d - Confusing Touch       Hex            ####..       1%          1    None
e - Blink                 Tloc           N/A          32%         2    None
f - Controlled Blink      Tloc           N/A          100%        8    #######

Your spell library contained the following spells:

 Spells                   Type           Power        Failure   Level  Hunger
 Slow                     Hex            ####....     1%          2    None
 Tukima's Dance           Hex            ####....     3%          3    ##.....
 Cause Fear               Hex            ####......   13%         4    ####...
 Dazzling Spray           Conj/Hex       ###...       16%         3    ##.....
 Inner Flame              Hex/Fire       ###.....     16%         3    ##.....
 Portal Projectile        Hex/Tloc       ###...       16%         3    ##.....
 Beastly Appendage        Tmut           #.....       22%         1    None
 Magic Dart               Conj           #...         22%         1    None
 Call Imp                 Summ           #.......     32%         2    None
 Searing Ray              Conj           #.....       32%         2    None
 Sticks to Snakes         Tmut           #.......     32%         2    None
 Sublimation of Blood     Necr           #.........   32%         2    None
 Fulminant Prism          Conj/Hex       ###.......   45%         4    ####...
 Leda's Liquefaction      Hex/Erth       ###.......   45%         4    ####...
 Conjure Flame            Conj/Fire      #.......     54%         3    ##.....
 Gell's Gravitas          Tloc           #.........   54%         3    ##.....
 Ignite Poison            Fire/Tmut/Pois #.......     54%         3    ##.....
 Mephitic Cloud           Conj/Pois/Air  #.......     54%         3    ##.....
 Spider Form              Tmut/Pois      #.........   54%         3    ##.....
 Metabolic Englaciation   Hex/Ice        ###.......   82%         5    #####..
 Yara's Violent Unravell  Hex/Tmut       ###.......   82%         5    #####..
 Force Lance              Conj/Tloc      #.......     91%         4    ####...
 Ice Form                 Ice/Tmut       #.......     91%         4    ####...
 Iskenderun's Mystic Bla  Conj           #.......     91%         4    ####...
 Petrify                  Tmut/Erth      #.......     91%         4    ####...
 Alistair's Intoxication  Tmut/Pois      #.......     99%         5    #####..
 Blade Hands              Tmut           #.........   99%         5    #####..
 Irradiate                Conj/Tmut      #.........   99%         5    #####..
 Dispersal                Tloc           #.........   100%        6    #######
 Disjunction              Tloc           #.........   100%        8    #######


Dungeon Overview and Level Annotations

Branches:
Dungeon (13/15)            Temple (1/1) D:4            Lair (1/6) D:10
    Orc (0/2) D:11
 Vaults: D:13-14

Altars:
Ashenzari
Cheibriados
Dithmenos
Elyvilon
Fedhas
Gozag
Hepliaklqana
Kikubaaqudgha
Makhleb
Nemelex Xobeh
Okawaru
Qazlal
Ru
Sif Muna
Trog
Uskayaw
Vehumet
Wu Jian
Xom
Yredelemnul
Zin
The Shining One

Shops:
D:7 *   D:10 :

Portals:
Trove: D:10 (give horn of Geryon)
Ice
Cave: Lair:1

Annotations:
D:9 2 runed translucent doors


Innate Abilities, Weirdness & Mutations

You are small and have problems with some larger weapons.
You are carnivorous and can eat meat at any time.


Message History

The bullfrog hits you but does no damage.
You puncture the bullfrog! You drain the bullfrog.
The bullfrog is heavily wounded.
The bullfrog closely misses you.
You closely miss the bullfrog.
The bullfrog is heavily wounded.
You puncture the bullfrog!
The bullfrog is almost dead.
The bullfrog hits you but does no damage.
You barely miss the bullfrog.
The bullfrog is almost dead.
You barely miss the bullfrog.
The bullfrog is almost dead.
The bullfrog misses you.
You puncture the bullfrog!
You kill the bullfrog!
You have reached level 13!
The rime drake breathes ice at you. The flash freeze hits you!
You partially resist.
You die...

## ##* *
######P#####.#.##.#*
* * *
.........k@........
#...##.#..#[#...#.#,
,. ,#..#..#.# ..# ,
, * * *,##...##.#
,...* , #P.#.#..#,
..# *, , ,
*......##.#,, .#
......#....# ,#, *
......#..... , , *
...., ..., *


You could see a rime drake.

Vanquished Creatures
  2 two-headed ogres (D:8)
  Sonja (D:11)
  2 ugly things
  2 cyclopes
  2 manticores
  2 gargoyles
  2 kobold demonologists (D:11)
  A komodo dragon (D:12)
  2 trolls
  Grinder (D:6)
  4 slime creatures
  3 hippogriffs
  Sigmund (D:3)
  A spriggan (D:8)
  A shadow (D:11)
  5 yaks (D:12)
  4 wraiths (D:7)
  Eustachio (D:5)
  2 hungry ghosts
  3 wargs (D:10)
  2 water moccasins
  A porcupine (Lair:1)
  A black bear (D:6)
  9 ice beasts
  7 orc warriors
  6 sky beasts
  A necrophage (D:12)
  3 phantoms
  7 ogres
  8 centaurs
  Blork the orc (D:5)
  7 big kobolds
  9 bullfrogs
  An elf zombie (D:7)
  6 scorpions
  7 killer bees
  9 wights
  8 crimson imps
  2 jellies (D:9)
  4 centaur zombies
  3 hounds
  A quasit (D:8)
  2 bullfrog zombies
  2 human zombies (D:7)
  9 orc priests
  A bullfrog skeleton (D:6)
  15 orc wizards
  8 iguanas
  2 centaur skeletons
  A human skeleton (D:7)
  6 worker ants
  A mummy (D:7)
  A hound zombie (D:11)
  3 howler monkey zombies
  9 gnolls (D:3)
  9 adders
  3 shadow imps
  6 oozes
  2 adder zombies
  3 worms
  A dart slug (D:1)
  7 leopard geckos
  49 orcs
  2 ball pythons
  6 giant cockroaches
  8 hobgoblins
  11 jackals
  27 kobolds
  6 quokkas
  7 bats
  4 frilled lizards
  9 goblins
  A leopard gecko zombie (D:6)
  An orc zombie (D:7)
  10 rats
377 creatures vanquished.

Vanquished Creatures (others)
  An orc (D:11)
  A plant (D:1)
2 creatures vanquished.

Grand Total: 379 creatures vanquished

Notes
Turn   | Place    | Note
-------+----------+-------------------------------------------
     0 | D:1      | Borgoz the Kobold Enchanter began the quest for the Orb.
     0 | D:1      | Reached XP level 1. HP: 10/10 MP: 3/3
     1 | D:1      | Found a runed translucent door.
   415 | D:1      | Reached XP level 2. HP: 15/15 MP: 5/5
   422 | D:1      | Learned a level 2 spell: Ensorcelled Hibernation
  1179 | D:1      | Reached XP level 3. HP: 19/19 MP: 6/6
  1642 | D:2      | Reached skill level 5 in Stealth
  1656 | D:2      | Found a shattered altar of Ashenzari.
  1659 | D:2      | Found a deep blue altar of Sif Muna.
  1689 | D:2      | Became a worshipper of Ashenzari the Shackled
  1755 | D:2      | Found a faded altar of an unknown god.
  1839 | D:2      | Learned a level 3 spell: Confuse
  1857 | D:2      | Reached XP level 4. HP: 24/24 MP: 7/7
  2331 | D:3      | Noticed Sigmund
  2443 | D:1      | Reached skill level 6 in Stealth
  2454 | D:1      | Reached XP level 5. HP: 5/28 MP: 5/8
  2770 | D:3      | Learned a level 1 spell: Confusing Touch
  3150 | D:3      | Killed Sigmund
  3150 | D:3      | Reached skill level 1 in Fighting
  3150 | D:3      | Reached skill level 7 in Stealth
  3150 | D:3      | Reached XP level 6. HP: 34/34 MP: 4/10
  3151 | D:3      | Reached * piety under Ashenzari
  3476 | D:3      | Reached XP level 7. HP: 35/38 MP: 8/11
  4207 | D:4      | Found a staircase to the Ecumenical Temple.
  4246 | Temple   | Entered the Ecumenical Temple
  4651 | D:4      | Reached skill level 1 in Armour
  5012 | D:4      | Reached skill level 8 in Stealth
  5097 | D:5      | Entered Level 5 of the Dungeon
  5108 | D:5      | Reached XP level 8. HP: 44/44 MP: 8/13
  5263 | D:6      | Reached skill level 5 in Short Blades
  5351 | D:6      | Reached skill level 9 in Stealth
  5712 | D:5      | Noticed Blork the orc
  5719 | D:5      | Killed Blork the orc
  5723 | D:5      | Reached XP level 9. HP: 49/49 MP: 6/15
  5857 | D:5      | Noticed Eustachio
  5867 | D:5      | Killed Eustachio
  6307 | D:6      | Reached skill level 10 in Stealth
  6419 | D:6      | Reached skill level 5 in Hexes
  6428 | D:6      | Found an iron altar of Okawaru.
  6729 | D:6      | Found an ancient bone altar of Kikubaaqudgha.
  6823 | D:6      | Reached skill level 5 in Dodging
  6823 | D:6      | Reached skill level 5 in Spellcasting
  6930 | D:6      | Noticed Grinder
  7178 | D:6      | Killed Grinder
  7489 | D:7      | Found Josim's Assorted Antiques.
  7876 | D:7      | Got the scimitar of the Everdark {vamp, rElec}
  7939 | D:7      | Reached skill level 11 in Stealth
  7939 | D:7      | Reached XP level 10. HP: 43/56 MP: 16/18
  8030 | D:7      | HP: 1/56 [wight/cursed +3 long sword (5)]
  8253 | D:7      | Reached skill level 12 in Stealth
  8339 | D:7      | Found a basalt altar of Yredelemnul.
  8842 | D:7      | Reached ** piety under Ashenzari
  9737 | D:8      | Noticed a two-headed ogre
  9743 | D:8      | Killed a two-headed ogre
  9743 | D:8      | Reached skill level 13 in Stealth
  9853 | D:8      | Noticed a gargoyle
  9856 | D:8      | Killed a gargoyle
  9856 | D:8      | Reached XP level 11. HP: 62/62 MP: 20/20
 10040 | D:8      | Noticed a two-headed ogre
 10443 | D:8      | Killed a two-headed ogre
 10589 | D:8      | Learned a level 2 spell: Blink
 10700 | D:9      | Found a large runed translucent door.
 10701 | D:9      | Found a large runed translucent door.
 10736 | D:9      | Reached skill level 14 in Stealth
 11334 | D:9      | Noticed a brown ugly thing
 11338 | D:9      | Killed a brown ugly thing
 11402 | D:9      | Found a large runed translucent door.
 11402 | D:9      | Found a large runed translucent door.
 11557 | D:9      | Learned a level 8 spell: Controlled Blink
 11581 | D:10     | Entered Level 10 of the Dungeon
 12394 | D:10     | Found a staircase to the Lair.
 12442 | D:10     | Reached skill level 15 in Stealth
 12595 | D:10     | Found Fahybb's Book Boutique.
 12759 | D:10     | Found a portal to a secret trove of treasure.
 13744 | D:11     | Reached XP level 12. HP: 64/68 MP: 13/23
 13774 | D:11     | Found a staircase to the Orcish Mines.
 13957 | D:11     | Reached skill level 5 in Fighting
 14355 | D:11     | Noticed Sonja
 14396 | D:11     | Killed Sonja
 14396 | D:11     | Reached skill level 16 in Stealth
 14399 | D:11     | Noticed a soul eater
 17255 | Lair:1   | Entered Level 1 of the Lair of Beasts
 17307 | Lair:1   | Found a frozen archway.
 17378 | Lair:1   | Reached XP level 13. HP: 11/72 MP: 25/25
 17379 | Lair:1   | Killed from afar by a rime drake

Skill      XL: |  1  2  3  4  5  6  7  8  9 10 11 12 |
---------------+-------------------------------------+-----
Stealth        | 5 6 7 8 9 11 13 15 16 | 16.9
Dodging        | 3 4 5 6 7 |  7.2
Short Blades   | 3 4 5 6 7 8 9 |  9.2
Fighting       | 1 2 3 4 5 |  5.5
Spellcasting   | 3 4 5 6 7 8 |  8.6
Armour         | 1 2 3 4 |  4.5
Hexes          | 4 5 6 7 8 |  8.3
Ice Magic      | |  0.3

Action                   |  1- 3 |  4- 6 |  7- 9 | 10-12 | 13-15 || total
-------------------------+-------+-------+-------+-------+-------++-------
Melee: Dagger            |   124 |   132 |   243 |   954 |       ||  1453
 Cast: Corona            |     3 |       |       |       |       ||     3
       Ensorcelled Hiber |     5 |    18 |    38 |   131 |       ||   192
       Confusing Touch   |       |       |     6 |    53 |       ||    59
       Confuse           |       |       |     2 |     1 |       ||     3
  Use: Scroll            |       |       |    11 |    10 |       ||    21
       Potion            |       |       |     4 |    12 |       ||    16
 Stab: Sleeping          |    19 |    15 |    38 |   106 |       ||   178
       Distracted        |     1 |       |       |     6 |       ||     7
       Confused          |       |       |     6 |    46 |       ||    52
  Eat: Chunk             |    12 |     6 |    15 |    47 |       ||    80
Armor: Robe              |    14 |    21 |       |       |       ||    35
       Leather armour    |       |     1 |    25 |   150 |       ||   176
       Ring mail         |       |       |       |    22 |       ||    22
Dodge: Dodged            |    54 |    97 |   132 |   673 |       ||   956
